 Dungeon Crawl Stone Soup version 0.30.1-3-gfc49f6343a (webtiles) character file.

Game seed: 7544327908772395626

103848 GeoRichter the Reanimator (level 15, -1/118 HPs)
             Began as a Demonspawn Necromancer on July 24, 2023.
             Was the Champion of Hepliaklqana.
             Slain by an alligator (13 damage)
             ... called by a spriggan druid
             ... on level 2 of the Swamp on July 26, 2023.
             The game lasted 01:16:38 (31607 turns).

GeoRichter the Reanimator (Demonspawn Necromancer) Turns: 31607, Time: 01:16:39

Health: -1/118     AC: 17    Str:  9    XL:     15   Next: 90%
Magic:  4/27       EV: 28    Int: 23    God:    Hepliaklqana [******]
Gold:   2494       SH:  5    Dex: 14    Spells: 12/30 levels left

rFire   . . .        T - staff of death "Main" {rC+ rN+}
rCold   + . .        W - +0 buckler
rNeg    + . .        Q - +0 acid dragon scales
rPois   +            f - +2 helmet
rElec   .            e - +2 cloak
rCorr   +            X - +1 pair of gloves {hurl}
SInv    .            (boots unavailable)
Will    ++...        s - amulet of the acrobat
Stlth   +++          Z - ring "Ugrar" {Will+ Stlth+}
HPRegen 0.39/turn    J - ring of poison resistance
MPRegen 0.20/turn

%: acrobat
@: about to teleport, acrobatic, animating dead, hasted, very quick
A: reduced essence, hooves 3, rugged brown scales 3, demonic guardian 2, foul
stench 2, augmentation 1
a: Renounce Religion, Recall Ancestor, Ancestor Identity, Transference, Idealise


You were on level 2 of the Swamp.
You worshipped Hepliaklqana.
Hepliaklqana was exalted by your worship.
You visited 4 branches of the dungeon, and saw 24 of its levels.
You also visited: Gauntlet and Ice Cave.

You collected 2629 gold pieces.
You spent 135 gold pieces at shops.

Inventory:

Hand Weapons
 G - the +11 shortbow of Hepliaklqana's Esteem {speed, Will+ MP+9 Int+2 Dex+5}
   (You found it on level 15 of the Dungeon)

   Int:       It affects your intelligence (+2).
   Dex:       It affects your dexterity (+5).
   MP:        It affects your magic capacity (+9).
   Will:      It increases your willpower.
Armour
 e - a +2 cloak (worn)
   (You found it on level 7 of the Dungeon)
 f - a +2 helmet (worn)
   (You found it in an ice cave)
 H - +0 steam dragon scales
   (You found it on level 7 of the Dungeon)
 Q - +0 acid dragon scales (worn)
   (You found it on level 10 of the Dungeon)
 W - a +0 buckler (worn)
   (You bought it in a shop on level 2 of the Orcish Mines)
 X - a +1 pair of gloves of hurling (worn)
   (You found it on level 12 of the Dungeon)
Magical Staves
 T - the staff of death "Main" (weapon) {rC+ rN+}
   (You found it on level 10 of the Dungeon)

   [staff of death]

   Base accuracy: +5 Base damage: 5 Base attack delay: 1.2 This weapon's minimum
   attack delay (0.6) is reached at skill level 12.
   rC:        It protects you from cold.
   rN:        It protects you from negative energy.
   It falls into the 'Staves' category.
   It is a one-handed weapon.
Jewellery
 o - a ring of flight
   (You found it on level 2 of the Dungeon)
 s - an amulet of the acrobat (around neck)
   (You took it off a hobgoblin on level 3 of the Dungeon)
 z - a +5 ring of evasion
   (You found it on level 1 of the Lair of Beasts)
 J - a ring of poison resistance (right hand)
   (You found it on level 7 of the Dungeon)
 P - the necklace of Bloodlust {Fury *Rage Will++ Int-3 Slay+6}
   (You found it on level 9 of the Dungeon)

   [amulet of nothing]

   Fury:      It extends the wearer's berserk rage when killing foes.
   Int:       It affects your intelligence (-3).
   Slay:      It affects your accuracy & damage with ranged weapons and melee
   (+6).
   *Rage:     It berserks you when you make melee attacks (+50% chance).
   Will:      It greatly increases your willpower.
 Z - the ring "Ugrar" (left hand) {Will+ Stlth+}
   (You found it in a Gauntlet)

   [ring of willpower]

   Will:      It increases your willpower.
   Stlth:     It makes you more stealthy.
Wands
 r - a wand of flame (23)
   (You found it on level 3 of the Dungeon)
 x - a wand of light (10)
   (You found it on level 1 of the Lair of Beasts)
 y - a wand of paralysis (12)
   (You found it on level 5 of the Dungeon)
 I - a wand of polymorph (10)
   (You found it on level 11 of the Dungeon)
 K - a wand of digging (8)
   (You found it in an ice cave)
 R - a wand of roots (19)
   (You found it on level 10 of the Dungeon)
Scrolls
 c - 2 scrolls of fog
 d - 2 scrolls of identify {@r1}
 k - 3 scrolls of blinking
 l - 11 scrolls of poison {!r}
 n - 8 scrolls of teleportation {@r4}
 p - 6 scrolls of fear
 E - 4 scrolls of enchant weapon
 F - 9 scrolls of immolation {!r}
 L - 2 scrolls of vulnerability {!r}
 M - a scroll of silence
 O - 3 scrolls of magic mapping
 Y - 4 scrolls of enchant armour
Potions
 a - 8 potions of flight
 b - 3 potions of magic
 g - a potion of invisibility
 i - 5 potions of lignification {!q}
 j - 7 potions of might
 m - 4 potions of heal wounds {@q2}
 q - 7 potions of brilliance
 t - 7 potions of mutation {!q}
 v - 10 potions of curing {@q1}
 w - a potion of resistance
 A - a potion of ambrosia
 B - 2 potions of cancellation
 D - 5 potions of haste {@q3}
 N - 6 potions of attraction {!q}
 U - 2 potions of berserk rage
Miscellaneous
 h - a lightning rod (4/4) {!a}
   (You found it on level 5 of the Lair of Beasts)
 C - a box of beasts
   (You found it in a Gauntlet)
 S - a phantom mirror
   (You found it on level 1 of the Orcish Mines)


   Skills:
 + Level 12.9 Fighting
 - Level 12.0 Staves
 + Level 7.1 Dodging
 - Level 1.7 Stealth
 - Level 4.0 Shields
 + Level 8.3 Spellcasting
 - Level 14.2 Necromancy
 + Level 10.8 Ice Magic
 - Level 8.3 Earth Magic
 - Level 3.0 Evocations


You had 12 spell levels left.
You knew the following spells:

 Your Spells              Type           Power      Damage    Failure   Level
b - Vampiric Draining     Necr           85%        2d12      1%          3
c - Animate Dead          Necr           85%        N/A       1%          4
d - Simulacrum            Ice/Necr       39%        N/A       16%         6
e - Borgnjor's Vile Clut  Necr/Erth      37%        N/A       4%          5

Your spell library contained the following spells:

 Spells                   Type           Power      Damage    Failure   Level
 Necrotise                Necr           100%       1d9       1%          1
 Ozocubu's Armour         Ice            56%        N/A       1%          3
 Agony                    Necr           85%        N/A       1%          5
 Magic Dart               Conj           36%        1d4       17%         1
 Slow                     Hex            36%        N/A       17%         1
 Sting                    Tmut/Pois      36%        1d4       17%         1
 Poisonous Vapours        Pois/Air       18%        N/A       26%         2
 Searing Ray              Conj           18%        2d5       26%         2
 Confusing Touch          Hex            9%         N/A       45%         3
 Dazzling Flash           Conj/Hex       18%        N/A       45%         3
 Ignite Poison            Fire/Tmut/Pois 9%         N/A       45%         3
 Volatile Blastmotes      Fire/Tloc      18%        2d11      45%         3
 Metabolic Englaciation   Hex/Ice        17%        N/A       45%         5
 Fulminant Prism          Conj/Hex       4%         3d5       86%         4
 Iskenderun's Mystic Bla  Conj/Tloc      9%         2d4       86%         4
 Olgreb's Toxic Radiance  Pois           9%         N/A       86%         4
 Passage of Golubria      Tloc           9%         N/A       86%         4
 Sticky Flame             Conj/Fire      9%         2d3       86%         4
 Summon Lightning Spire   Summ/Air       9%         N/A       86%         4
 Alistair's Intoxication  Tmut/Pois      6%         N/A       99%         5
 Silence                  Hex/Air        4%         N/A       99%         5
 Eringya's Noxious Bog    Tmut/Pois      4%         N/A       100%        6
 Starburst                Conj/Fire      4%         6d4       100%        6
 Storm Form               Tmut/Air       4%         N/A       100%        7
 Ignition                 Fire           4%         3d4       100%        8
 Lehudib's Crystal Spear  Conj/Erth      14%        10d5      100%        8
 Maxwell's Capacitive Co  Air            4%         ∞         100%        8


Dungeon Overview and Level Annotations

Branches:
Dungeon (15/15) Zot: 25274  Temple (0/1) D:4            Lair (5/5) D:11 Zot: 22697
  Swamp (2/4) Lair:2 Zot: 10652  Spider (0/4) Lair:2        Slime (0/5) Lair:5
    Orc (2/2) D:10 Zot: 8956     Elf (0/3) Orc:2        Vaults (0/5) D:13
 Depths (0/4) D:15          IceCv (visited)         Gauntlet (visited)

Altars:
Dithmenos
Gozag
Hepliaklqana
Kikubaaqudgha
Makhleb
Okawaru
Qazlal
Ru
Uskayaw
Wu Jian
Yredelemnul
Jiyva

Shops:
Orc:2 (([(


Innate Abilities, Weirdness & Mutations

Your life essence is reduced to manifest your ancestor. (-10% HP)
You have hooves in place of feet.
You are completely covered in rugged brown scales. (AC +3, +7% HP)
A demonic guardian rushes to your aid.
You sometimes emit foul miasma when damaged in melee.
Your magical and physical power is slightly enhanced at high health.


Message History

* * * LOW HITPOINT WARNING * * *
You emit a cloud of foul miasma!
The alligator bites your tyrant leech zombie!!
The alligator closely misses your tyrant leech zombie.
The alligator barely misses your tyrant leech zombie.
The alligator tail-slaps your tyrant leech zombie.
Your spriggan druid zombie hits the alligator but does no damage.
The alligator is engulfed in dark miasma.
The alligator is poisoned.
You block the alligator's attack. The alligator completely misses you.
Your tyrant leech zombie bites the alligator!!
You hit the alligator but do no damage. Your kick misses the alligator.
The alligator is lightly wounded.
The alligator bites your tyrant leech zombie!!
Your tyrant leech zombie is destroyed!
The alligator bites you!
* * * LOW HITPOINT WARNING * * *
The alligator tail-slaps you but does no damage.
Unknown command.
You hit the alligator.
You kick the alligator, but do no damage.
The alligator is moderately wounded.
The alligator is engulfed in dark miasma.
The alligator looks even sicker.
The alligator seems to slow down.
The alligator barely misses you. The alligator tail-slaps you!
* * * LOW HITPOINT WARNING * * *
The alligator bites your tyrant leech zombie!!
The alligator barely misses your tyrant leech zombie.
As you read the scroll of teleportation {@r4}, it crumbles to dust.
You feel strangely unstable.
The alligator is no longer moving slowly.
Your spriggan druid zombie hits the alligator.
The alligator barely misses your tyrant leech zombie.
The alligator tail-slaps your tyrant leech zombie.
The alligator closely misses you. You block the alligator's attack.
Unknown command.
The alligator is engulfed in dark miasma.
The alligator looks even sicker.
Your tyrant leech zombie bites the alligator!
You enter the shallow water.
Moving in this stuff is going to be slow.
The alligator bites your tyrant leech zombie!!
Your tyrant leech zombie is destroyed!
You block the alligator's attack. The alligator tail-slaps you!
* * * LOW HITPOINT WARNING * * *
A demonic guardian appears!
The alligator closely misses your tyrant leech zombie.
The alligator tail-slaps your tyrant leech zombie!
The alligator closely misses you. The alligator tail-slaps you!
You die...

.§§~~ ~~ ~...~ ~~~ ♣♣♣♣
♣..~♣ .~§~ ♣..~♣
♣§.~♣♣~..~
♣..~~♣♣♣~........
♣§.~...~.~..~~~~~
♣..~~4~~....~~~~
♣♣♣♣..~~~~~@.♣♣...
♣~♣♣♣♣~.♣♣.~~~~t~~..~..§
§~.~§.~~~.~~~Z.t~~.~~~.♣
♣....~~..~§~t.§...~.~~♣♣
♣.~~~.~~~~~~☼.......~.♣
~~~~..~~§~~~.Z.~~~~~~.♣
~~~~$~~~~~~.t.~~~§~~~.♣
§~~~~~~~§~§...~~~..§§~.
...~.~~~~~..$♣.....§~~.


You could see 4 alligators, a friendly orange demon (summoned), a friendly
tyrant leech zombie and a friendly spriggan druid zombie.

Vanquished Creatures
  Gastronok (D:12)
  An orc warlord (Orc:2)
  A bunyip (Swamp:1)
  The ghost of Dinant the Martial Artist, a journeyman DsMo of Uskayaw (Orc:1)
  An ettin (Orc:2)
  Erolcha (D:12)
  2 hydras
  An ogre mage (D:13)
  2 boulder beetles
  A ghost crab (Swamp:1)
  A catoblepas (D:15)
  3 two-headed ogres
  3 orc high priests
  5 skeletal warriors
  A skyshark (Lair:5)
  2 goliath frogs (Swamp:1)
  A bog body (Lair:2)
  4 slime creatures
  A deep troll (D:9)
  A lindwurm (Lair:3)
  2 wizards
  A large abomination (D:10)
  Pikel (D:8)
  An orc knight (Orc:1)
  A necromancer (D:15)
  An ugly thing (D:11)
  4 deep elf pyromancers
  An orc sorcerer (Orc:1)
  3 cyclopes
  Maurice (Orc:1)
  3 manticores
  A naga mage (D:15)
  A centaur zombie (D:15)
  3 black mambas
  4 gargoyles
  An orange demon (Lair:2)
  6 cane toads
  A kobold demonologist (D:13)
  Maggie (D:9)
  2 centaur skeletons (D:15)
  3 efreet
  A komodo dragon (Lair:4)
  A freezing wraith (D:15)
  3 anaconda simulacra (IceCv)
  2 trolls
  A troll (shapeshifter) (D:15)
  2 hornets
  A polar bear (Lair:3)
  3 tyrant leeches
  A raiju (Gauntlet)
  A meliai zombie (D:15)
  A culicivora (shapeshifter) (D:13)
  A spriggan (shapeshifter) (D:13)
  A shadow (D:10)
  3 culicivoras (Lair:2)
  2 spriggans (Swamp:1)
  4 wraiths
  A vampire (D:13)
  3 wyverns
  8 yaks
  2 steam dragons
  Grum (D:8)
  4 basilisks
  4 death yak simulacra (IceCv)
  2 vampire mosquitoes
  4 swamp worms
  2 wargs (D:11)
  A harpy simulacrum (IceCv)
  A hydra simulacrum (IceCv)
  5 small abominations (D:10)
  5 water moccasins
  18 orc warriors
  A meliai simulacrum (D:15)
  2 black bears
  A sky beast (D:6)
  An ice beast (D:8)
  6 wolves
  A lemure (D:8)
  8 ogres
  11 centaurs
  A kobold brigand (D:9)
  4 bullfrogs
  A cane toad simulacrum (IceCv)
  3 two-headed ogre simulacra (IceCv)
  2 scorpions
  5 wights
  8 killer bees
  An elephant simulacrum (IceCv)
  3 electric eels
  2 howler monkeys
  3 hounds
  2 jellies
  16 orc priests
  Jessica (D:3)
  5 iguanas
  A sleepcap (D:7)
  2 hexers
  29 orc wizards
  4 spriggan simulacra (IceCv)
  7 troll simulacra (IceCv)
  2 polar bear simulacra (IceCv)
  A wolf simulacrum (IceCv)
  5 ogre zombies (D:10)
  A gnoll (D:5)
  3 naga simulacra (IceCv)
  9 adders
  4 shadow imps (Gauntlet)
  8 ufetubi (IceCv)
  An adder zombie (Lair:2)
  77 orcs
  4 ball pythons
  6 endoplasms
  2 giant cockroaches
  3 goblins
  8 hobgoblins
  7 jackals
  12 kobolds
  4 quokkas
  7 bats
  3 frilled lizards
  2 goblin skeletons (D:10)
  2 goblin zombies (D:10)
  A hobgoblin skeleton (D:10)
  An orc skeleton (D:10)
  10 orc zombies
  2 rats (D:1)
481 creatures vanquished.

Vanquished Creatures (collateral kills)
  A storm dragon (D:15)
  2 eleionomae (Swamp:1)
  3 bunyips
  A minotaur (Gauntlet)
  2 hydras (Lair:5)
  A centaur warrior (D:14)
  A boulder beetle (D:11)
  Erica (D:10)
  An ogre mage (D:15)
  An alligator (Swamp:1)
  A deep troll earth mage (D:15)
  An orc high priest (Orc:2)
  5 two-headed ogres
  A soul eater (Gauntlet)
  2 goliath frogs
  Amaemon (Lair:2)
  A spriggan rider (Swamp:1)
  3 spriggan druids
  A swamp dragon (Swamp:1)
  2 wizards (D:15)
  A deep troll (D:9)
  2 bog bodies (Swamp:1)
  A manticore (D:14)
  A cyclops (D:14)
  4 black mambas
  7 elephants
  14 cane toads
  Psyche (D:8)
  An unseen horror (D:11)
  2 rime drakes (Lair:2)
  2 komodo dragons (Lair:3)
  A freezing wraith (D:15)
  6 hornets
  5 trolls
  2 large abominations (D:10)
  12 blink frogs (Lair:5)
  6 tyrant leeches
  9 slime creatures
  2 shadows (D:12)
  5 spriggans (Swamp:1)
  A wyvern (Lair:3)
  2 wraiths
  2 culicivoras (Lair:2)
  Eustachio (D:4)
  20 yaks
  11 vampire mosquitoes
  A steam dragon (Gauntlet)
  A small abomination (D:10)
  A death yak simulacrum (IceCv)
  7 swamp worms
  3 acid dragons
  A cane toad zombie (Lair:5)
  7 water moccasins
  9 orc warriors
  3 ice beasts
  A sky beast (D:6)
  A black bear (D:4)
  A blink frog zombie (Lair:5)
  8 wolves
  2 ogres (Orc:2)
  3 centaurs
  2 phantoms
  2 lemures
  A kobold brigand (D:6)
  14 bullfrogs
  A scorpion (D:5)
  4 wights
  12 killer bees
  2 howler monkeys (D:8)
  A jelly (D:8)
  A sleepcap (D:5)
  A hound (D:6)
  12 orc priests
  A gnoll bouda (D:5)
  Terence (D:3)
  An iguana (D:6)
  11 orc wizards
  6 hell rats (Lair:1)
  4 ogre zombies
  5 adders
  2 gnolls (D:5)
  A naga simulacrum (IceCv)
  A shadow imp (D:6)
  A white imp (D:5)
  2 ufetubi (IceCv)
  A worm (D:2)
  A dart slug (D:2)
  22 orcs
  A ball python (D:1)
  A jackal (D:2)
  A goblin skeleton (D:10)
  A goblin zombie (D:10)
  2 orc skeletons (D:10)
  12 orc zombies (D:10)
333 creatures vanquished.

Vanquished Creatures (others)
  A bunyip zombie (Swamp:2)
  An ugly thing zombie (D:11)
  A swamp worm zombie (Swamp:2)
  2 bloated husks
  2 black mamba zombies
  2 tyrant leech zombies (Swamp:2)
  3 human zombies (D:15)
  3 hornet zombies (Swamp:1)
  A ghost crab zombie (Swamp:1)
  2 blink frog zombies (Lair:5)
  An elf zombie (D:15)
  2 water moccasin zombies (Lair:5)
  A raiju zombie (Gauntlet)
  4 spriggan zombies (Swamp:1)
  4 yak zombies
  4 wolf zombies (Lair:3)
  4 centaur zombies (D:13)
  A kobold zombie (D:13)
  A basilisk zombie (Lair:5)
  A bullfrog zombie (Lair:1)
  5 killer bee zombies
  3 howler monkey zombies (D:8)
  An adder zombie (Lair:2)
  24 hexers
  40 orc zombies
114 creatures vanquished.

Grand Total: 928 creatures vanquished

Notes
Turn   | Place    | Note
-------+----------+-------------------------------------------
     0 | D:1      | GeoRichter the Demonspawn Necromancer began the quest for
                  | the Orb.
     0 | D:1      | Reached XP level 1. HP: 13/13 MP: 3/3
   242 | D:1      | Gained mutation: You are partially covered in rugged brown
                  | scales. (AC +1, +3% HP) [demonic ancestry]
   242 | D:1      | Reached XP level 2. HP: 13/19 MP: 0/5
   746 | D:1      | Found a faded altar of an unknown god.
   913 | D:1      | Prayed at the altar of an unknown god.
   913 | D:1      | Became a worshipper of Hepliaklqana the Forgotten
   913 | D:1      | Reached * piety under Hepliaklqana
  1256 | D:2      | Reached skill level 5 in Necromancy
  1370 | D:2      | Gained mutation: A weak demonic guardian rushes to your
                  | aid. [demonic ancestry]
  1370 | D:2      | Reached XP level 3. HP: 22/22 MP: 6/6
  1874 | D:2      | Reached ** piety under Hepliaklqana
  1875 | D:2      | Remembered your ancestor Ammiditana as a hexer
  2210 | D:2      | Gained mutation: You may rarely emit foul miasma when
                  | damaged in melee. [demonic ancestry]
  2210 | D:2      | Reached XP level 4. HP: 19/27 MP: 8/8
  2381 | D:3      | Noticed Terence
  2383 | D:3      | Killed Terence
  2625 | D:3      | Noticed Jessica
  2627 | D:3      | Killed Jessica
  2628 | D:3      | Reached skill level 6 in Necromancy
  2664 | D:3      | Gained mutation: You sometimes emit foul miasma when
                  | damaged in melee. [demonic ancestry]
  2664 | D:3      | Reached XP level 5. HP: 32/32 MP: 9/9
  3390 | D:4      | Learned a level 3 spell: Vampiric Draining
  3400 | D:4      | Reached skill level 7 in Necromancy
  3400 | D:4      | Reached XP level 6. HP: 38/38 MP: 8/11
  3494 | D:4      | Found a staircase to the Ecumenical Temple.
  3655 | D:4      | Noticed Eustachio
  3661 | D:4      | Killed Eustachio
  3662 | D:4      | Reached skill level 8 in Necromancy
  3662 | D:4      | Gained mutation: You are mostly covered in rugged brown
                  | scales. (AC +2, +5% HP) [demonic ancestry]
  3662 | D:4      | Reached XP level 7. HP: 38/43 MP: 13/13
  3728 | D:4      | Reached *** piety under Hepliaklqana
  3973 | D:4      | Found an ornate altar of the Wu Jian Council.
  4102 | D:5      | Entered Level 5 of the Dungeon
  4267 | D:5      | Learned a level 4 spell: Animate Dead
  4546 | D:5      | Reached skill level 5 in Spellcasting
  4546 | D:5      | Reached skill level 9 in Necromancy
  4653 | D:5      | Reached skill level 1 in Fighting
  4653 | D:5      | Reached skill level 1 in Ice Magic
  4714 | D:5      | Gained mutation: A demonic guardian rushes to your aid.
                  | [demonic ancestry]
  4714 | D:5      | Reached XP level 8. HP: 53/53 MP: 15/15
  5127 | D:5      | Noticed a +0 falchion
  5127 | D:5      | Noticed a +0 dagger
  5127 | D:5      | Noticed a +0 short sword
  5129 | D:5      | Noticed a +0 spear
  5129 | D:5      | Noticed a +0 dagger
  5130 | D:5      | Noticed a +0 falchion
  5130 | D:5      | Noticed a +0 spear
  5130 | D:5      | Noticed a +0 short sword
  5143 | D:5      | Found a hide-covered altar of Uskayaw.
  5647 | D:6      | Reached skill level 5 in Fighting
  5706 | D:6      | Found an iron altar of Okawaru.
  5710 | D:6      | Gained mutation: You are completely covered in rugged brown
                  | scales. (AC +3, +7% HP) [demonic ancestry]
  5710 | D:6      | Reached XP level 9. HP: 58/65 MP: 16/16
  5764 | D:6      | Found a sacrificial altar of Ru.
  5820 | D:6      | Reached skill level 5 in Ice Magic
  6085 | D:6      | Reached **** piety under Hepliaklqana
  7220 | D:7      | Found a burning altar of Makhleb.
  7228 | D:7      | Found a shadowy altar of Dithmenos.
  7228 | D:7      | Found an opulent altar of Gozag.
  7230 | D:7      | Found an ancient bone altar of Kikubaaqudgha.
  7233 | D:7      | Found a stormy altar of Qazlal.
  7234 | D:7      | Found a basalt altar of Yredelemnul.
  7592 | D:8      | Noticed Grum
  7831 | D:8      | Noticed Pikel
  7946 | D:8      | Noticed Psyche
  8186 | D:8      | Killed Grum
  8187 | D:8      | Reached XP level 10. HP: 75/77 MP: 6/17
  8232 | D:8      | Killed Psyche
  8631 | D:8      | Killed Pikel
  8935 | D:9      | Reached ***** piety under Hepliaklqana
  9036 | D:9      | Noticed Maggie
  9050 | D:9      | Killed Maggie
  9253 | D:9      | Noticed a two-headed ogre
  9270 | D:9      | Killed a two-headed ogre
  9658 | D:9      | Noticed a deep troll
  9660 | D:9      | Noticed a deep troll
  9686 | D:9      | Killed a deep troll
  9687 | D:9      | Reached skill level 10 in Fighting
  9710 | D:9      | Killed a deep troll
  9711 | D:9      | Gained mutation: You have large cloven feet. [demonic
                  | ancestry]
  9711 | D:9      | Reached XP level 11. HP: 88/88 MP: 8/18
  9740 | D:9      | Learned a level 6 spell: Simulacrum
  9746 | D:9      | Learned a level 5 spell: Borgnjor's Vile Clutch
  9816 | D:9      | Found the necklace of Bloodlust {Fury *Rage Will++ Int-3
                  | Slay+6}
  9999 | D:10     | Entered Level 10 of the Dungeon
 10377 | D:10     | Found a staircase to the Orcish Mines.
 10558 | D:10     | Noticed a wizard
 10584 | D:10     | Killed a wizard
 10585 | D:10     | Reached skill level 10 in Ice Magic
 10589 | D:10     | Noticed Erica
 11244 | D:10     | Identified the staff of death "Main" {rC+ rN+}
 11352 | D:10     | Noticed a large abomination
 11358 | D:10     | Killed a large abomination
 11359 | D:10     | Reached skill level 10 in Necromancy
 11428 | D:10     | You fall into a shaft and drop 1 floor!
 11457 | D:11     | Noticed a two-headed ogre
 11467 | D:11     | Killed a two-headed ogre
 11674 | D:11     | Noticed a boulder beetle
 11686 | D:11     | Killed a boulder beetle
 11835 | D:11     | Reached skill level 11 in Necromancy
 12014 | D:11     | Reached skill level 1 in Earth Magic
 12149 | D:11     | Noticed a two-headed ogre
 12166 | D:11     | Killed a two-headed ogre
 12364 | D:11     | Found a staircase to the Lair.
 12366 | D:11     | Noticed a white ugly thing
 12388 | D:11     | Killed a white ugly thing
 12390 | D:11     | Reached skill level 5 in Dodging
 12557 | D:11     | Gained mutation: You have hoof-like feet. [demonic
                  | ancestry]
 12557 | D:11     | Reached XP level 12. HP: 61/95 MP: 20/20
 13201 | Lair:1   | Entered Level 1 of the Lair of Beasts
 14178 | Lair:1   | Reached skill level 5 in Earth Magic
 14208 | Lair:1   | Reached skill level 1 in Staves
 14708 | Lair:2   | Found a frozen archway.
 14718 | IceCv    | Entered an ice cave
 16420 | Lair:2   | Noticed Amaemon
 16426 | Lair:2   | Killed Amaemon
 16713 | Lair:2   | Found a staircase to the Swamp.
 16852 | Lair:2   | Gained mutation: You have hooves in place of feet. [demonic
                  | ancestry]
 16852 | Lair:2   | Reached XP level 13. HP: 42/100 MP: 4/23
 17315 | Lair:2   | Found a hole to the Spider Nest.
 17839 | Lair:3   | Reached skill level 5 in Staves
 18212 | Lair:3   | Reached ****** piety under Hepliaklqana
 19963 | Lair:5   | Entered Level 5 of the Lair of Beasts
 20345 | Lair:5   | Reached skill level 12 in Necromancy
 20720 | Lair:5   | Gained mutation: Your magical and physical power is
                  | slightly enhanced at high health. [demonic ancestry]
 20720 | Lair:5   | Reached XP level 14. HP: 106/110 MP: 12/24
 20837 | Lair:5   | Found a staircase to the Slime Pits.
 20837 | Lair:5   | Found a viscous altar of Jiyva.
 21609 | D:10     | Killed Erica
 21658 | Orc:1    | Entered Level 1 of the Orcish Mines
 21663 | Orc:1    | Noticed Maurice
 21673 | Orc:1    | Killed Maurice
 21932 | Orc:1    | Found a runed translucent door.
 22041 | Orc:1    | Noticed Dinant's ghost (journeyman DsMo)
 22081 | Orc:1    | Killed Dinant's ghost
 22728 | Orc:2    | Entered Level 2 of the Orcish Mines
 22799 | Orc:2    | Noticed an orc warlord
 22810 | Orc:2    | Killed an orc warlord
 22822 | Orc:2    | Reached skill level 10 in Staves
 23038 | Orc:2    | Found Sujoc's Antique Armour Emporium.
 23042 | Orc:2    | Found Zumer's Antique Weapon Shoppe.
 23060 | Orc:2    | Bought a buckler for 135 gold pieces
 23222 | Orc:2    | Found a staircase to the Elven Halls.
 23414 | Orc:2    | Found Soizehes's Weapon Boutique.
 23699 | Orc:2    | Found Suryr's Weapon Shop.
 24144 | Orc:2    | Found Nibrok's Weapon Shop.
 24910 | D:12     | Noticed Gastronok
 24922 | D:12     | Killed Gastronok
 25042 | D:12     | Noticed Erolcha
 25048 | D:12     | Killed Erolcha
 26054 | D:13     | Found a gate leading to a gauntlet.
 26061 | Gauntlet | Entered a Gauntlet
 26061 | Gauntlet | Found a transporter.
 26139 | Gauntlet | Found a transporter.
 26153 | Gauntlet | Found a transporter.
 26158 | Gauntlet | Found a transporter.
 26175 | Gauntlet | Found a transporter.
 26192 | Gauntlet | Found a transporter.
 26204 | Gauntlet | Found a transporter.
 26212 | Gauntlet | Found a transporter.
 26229 | Gauntlet | Found a transporter.
 26235 | Gauntlet | Found a transporter.
 26235 | Gauntlet | Found a transporter.
 26254 | Gauntlet | Found a transporter.
 26260 | Gauntlet | Found a transporter.
 26262 | Gauntlet | Found a transporter.
 26279 | Gauntlet | Found a transporter.
 26285 | Gauntlet | Found a transporter.
 26329 | Gauntlet | Found a transporter.
 26331 | Gauntlet | Found a runed translucent gate.
 26331 | Gauntlet | Found a runed translucent gate.
 26331 | Gauntlet | Found a runed translucent gate.
 26334 | Gauntlet | Found a large runed translucent door.
 26334 | Gauntlet | Found a large runed translucent door.
 26334 | Gauntlet | Found a large runed translucent door.
 26334 | Gauntlet | Found a large runed translucent door.
 26337 | Gauntlet | Found a large runed translucent door.
 26337 | Gauntlet | Found a large runed translucent door.
 26339 | Gauntlet | Found a large runed translucent door.
 26339 | Gauntlet | Found a large runed translucent door.
 26341 | Gauntlet | Found a large runed translucent door.
 26341 | Gauntlet | Found a large runed translucent door.
 26341 | Gauntlet | Found a runed translucent door.
 26341 | Gauntlet | Found a runed translucent door.
 26342 | Gauntlet | Found a large runed translucent door.
 26343 | Gauntlet | Found a large runed translucent door.
 26352 | Gauntlet | Found a large runed translucent door.
 26352 | Gauntlet | Found a large runed translucent door.
 26353 | Gauntlet | Found a large runed translucent door.
 26354 | Gauntlet | Found a large runed translucent door.
 26354 | Gauntlet | Found a transporter.
 26777 | Gauntlet | Identified the ring "Ugrar" {Will+ Stlth+}
 27066 | D:13     | Found a gate to the Vaults.
 27071 | D:13     | Reached skill level 1 in Shields
 27267 | D:13     | Reached skill level 1 in Evocations
 27378 | D:13     | Reached skill level 13 in Necromancy
 28229 | D:14     | Reached XP level 15. HP: 96/117 MP: 5/25
 28612 | D:14     | Found an ancient bone altar of Kikubaaqudgha.
 28804 | D:15     | Entered Level 15 of the Dungeon
 29726 | D:15     | Found a runed translucent door.
 29726 | D:15     | Noticed a shadow dragon
 29736 | D:15     | Noticed a storm dragon
 29823 | D:15     | Identified the +2 shortbow of Seps {drain, Int+5}
 29834 | D:15     | Noticed a quicksilver dragon
 29835 | D:15     | a quicksilver dragon changed into a shadow dragon
 29835 | D:15     | Noticed a shadow dragon (glowing shapeshifter)
 29836 | D:15     | a shadow dragon changed into a titan
 29836 | D:15     | Noticed a titan (glowing shapeshifter)
 30025 | D:15     | Found a staircase to the Depths.
 30219 | D:15     | Killed a storm dragon
 30406 | D:15     | Identified the +11 shortbow of Hepliaklqana's Esteem
                  | {speed, Will+ MP+9 Int+2 Dex+5}
 30527 | Swamp:1  | Entered Level 1 of the Swamp
 30666 | Swamp:1  | Reached skill level 14 in Necromancy
 31607 | Swamp:2  | Slain by an alligator

Illustrated notes

Levels and vault maps discovered:
D:1:      dreamdust_arrival_sigmund_warning, layout_loops_cross,
          ebering_ecumenical_altar_hall, chequers_hall_statues_wall_a
D:2:      layout_basic, nicolae_hexahallways
D:3:      layout_loops_corners, uniq_jessica, uniq_terence
D:4:      layout_basic, nicolae_wu_jian_immortal_techniques, zin_academy,
          minmay_temple_entry_mist, kennysheep_generic_room_4, uniq_eustachio
D:5:      minmay_spotlight, layout_loops_ring, nicolae_uskayaw_en_pointe
D:6:      layout_cave_pools, mainiacjoe_overflow_catwalk_spiral,
          grunt_ministairs_5
D:7:      layout_basic, minitemple
D:8:      minmay_goldmine, layout_rooms, uniq_pikel, uniq_psyche, uniq_grum
D:9:      layout_long_grid, hellmonk_guarded_unrand_vitality_bloodlust,
          uniq_maggie
D:10:     layout_basic, elyvilon_altar_1, zombieorc2_lemuel, laboratory,
          uniq_erica
D:11:     layout_loops_corners, erik_lair_orcish_takeover
D:12:     layout_stronghold, uniq_erolcha, uniq_gastronok
D:13:     layout_irregular_city, david_vaults_2, gauntlet_entry_generic
D:14:     layout_basic, kiku_gazebo_garden_becter, tso_oasis_becter
D:15:     grunt_enter_depths_magical_seal, layout_rooms, drop_trap,
          kennysheep_treasure_room
Lair:1:   layout_concentric_octagons, infiniplex_staircase_pool_2
Lair:2:   minmay_lair_venomous_thicket, layout_regular_city,
          nicolae_swamp_entry_splash_gauntlet,
          hellmonk_spider_entry_life_and_decay, portal_ice_cave_entry_pillars_2,
          grunt_megastairs_5, serial_bayou_shore_b, uniq_amaemon
Lair:3:   layout_big_grid
Lair:4:   layout_regular_city, eino_small_chamber_without_monster
Lair:5:   minmay_lair_end_frog_pond, layout_small_grid, slime_entry_1,
          grunt_megastairs_2
Swamp:1:  layout_basic_swamp, nicolae_swamp_dense_foliage, swamp_pool2,
          nicolae_swamp_very_dense_foliage
Swamp:2:  layout_basic_swamp, evilmike_swamp_ruin_house_2,
          nicolae_swamp_tree_designs
Orc:1:    layout_caves, ebering_ghost_reflecting_pool, nicolae_orc_lost_temple,
          uniq_maurice
Orc:2:    grunt_orc_community_town_hall, layout_caves,
          grunt_orc_community_big_house_1, grunt_orc_community_big_house_1,
          grunt_orc_community_house_3, grunt_orc_community_house_1,
          grunt_orc_community_house_1, grunt_orc_community_house_1,
          grunt_orc_community_house_3, grunt_orc_community_house_2,
          serial_shops, shop

Skill      XL: |  1  2  3  4  5  6  7  8  9 10 11 12 13 14 15 |
---------------+----------------------------------------------+-----
Necromancy     | 5 6 7 8 9 11 12 13 14 | 14.2
Spellcasting   | 3 4 5 7 8 |  8.3
Fighting       | 1 5 8 10 11 12 | 12.9
Ice Magic      | 1 4 7 9 10 | 10.8
Dodging        | 5 7 |  7.1
Earth Magic    | 3 8 |  8.3
Staves         | 4 8 12 | 12.0
Shields        | 1 4 |  4.0
Evocations     | 1 3 |  3.0
Stealth        | |  1.7

Action                     |  1- 3 |  4- 6 |  7- 9 | 10-12 | 13-15 || total
---------------------------+-------+-------+-------+-------+-------++-------
  Melee: Dagger            |     2 |       |    32 |       |       ||    34
         Whip              |       |       |    44 |   142 |       ||   186
         Punch             |       |       |     1 |     6 |     1 ||     8
         Staff             |       |       |       |   150 |   730 ||   880
         Kick              |       |       |       |       |   333 ||   333
   Cast: Necrotise         |    65 |    45 |   139 |   119 |       ||   368
         Vampiric Draining |       |     1 |    15 |    26 |    10 ||    52
         Animate Dead      |       |       |     5 |     7 |    18 ||    30
         Borgnjor's Vile C |       |       |       |    68 |   136 ||   204
         Simulacrum        |       |       |       |     8 |    48 ||    56
 Invoke: Ancestor Identity |     1 |       |       |       |       ||     1
         Ancestor Life: He |     1 |       |       |       |       ||     1
         Recall Ancestor   |       |       |     2 |     2 |     9 ||    13
  Evoke: Wand              |       |       |    15 |    22 |     9 ||    46
         Lightning rod     |       |       |       |       |     2 ||     2
         Box of beasts     |       |       |       |       |     1 ||     1
         Phantom mirror    |       |       |       |       |     1 ||     1
    Use: Scroll            |       |     4 |     8 |    17 |     7 ||    36
         Potion            |       |       |       |     1 |     9 ||    10
   Stab: Confused          |       |       |     2 |     5 |    14 ||    21
         Sleeping          |       |       |     1 |       |     1 ||     2
         Paralysed         |       |       |     4 |       |    14 ||    18
         Distracted        |       |       |     2 |     5 |    18 ||    25
         Invisible         |       |       |       |       |     1 ||     1
 Armour: Robe              |     5 |       |     3 |       |       ||     8
         Leather armour    |       |       |     9 |       |       ||     9
         Steam dragon scal |       |       |    40 |   116 |   166 ||   322
         Skin              |       |       |       |     1 |       ||     1
         Acid dragon scale |       |       |       |       |     5 ||     5
  Dodge: Dodged            |     8 |     8 |   125 |   343 |   554 ||  1038
  Block: Buckler           |       |       |       |       |    56 ||    56
